AoeStats
← Xanny

Arena

503944504Analyzed
4v4 RM · 1mo ago on Sep 3, 2026· 71m 2s· 8 players
Game mode
Random Map
Map size
Large (8 player)
Population
200
Speed
Normal
Resources
Standard
Victory
Conquest
Starting age
Dark Age
Ending age
Imperial Age
RankedLock teamsTeams togetherTeam positionsShared explorationLock speedFull tech treeHidden civsTurbo modeCheats
Victory
Defeat
🇦🇷 Berbers · Argentina
1291
+17
🇺🇸 Lithuanians · United States
1289
+17
🇲🇽 Britons · Mexico
1285
+17
🇲🇽 Cumans · Mexico
1280
+18
🇨🇦 Spanish · Canada
1387
-20
🇦🇺 Hindustanis · Australia
1328
-18
🇮🇩 Saracens · Indonesia
1307
-17
🇨🇦 Mongols · Canada
1248
-14
[GDL] HANNIBAL
1:49 Loom
4:34 Loom
9:29 Feudal Age
10:08 Double-Bit Axe
15:32 Horse Collar
21:19 Castle Age
19:57 Scale Barding Armor
20:47 Bloodlines
21:02 Forging
21:21 Capped Ram
22:40 Bow Saw
23:41 Wheelbarrow
22:57 Town Watch
23:46 Heavy Plow
26:24 Chain Barding Armor
29:22 Iron Casting
29:39 Gold Mining
30:09 Hand Cart
31:07 Loom
35:02 Imperial Age
35:08 Town Patrol
35:23 Masonry
35:03 Cavalier
36:28 Plate Barding Armor
36:30 Conscription
38:15 Blast Furnace
38:59 Fletching
39:10 Padded Archer Armor
40:28 Paladin
42:05 Bodkin Arrow
42:26 Leather Archer Armor
42:42 Light Cavalry
46:22 Crop Rotation
46:57 Two-Man Saw
45:49 Hussar
49:35 Ballistics
49:24 Steppe Husbandry
50:17 Coinage
50:56 Elite Kipchak
61:01 Caravan
Polestar
10:15 Feudal Age
12:06 Loom
15:04 Castle Age
13:13 Double-Bit Axe
13:59 Horse Collar
22:55 Bow Saw
23:42 Heavy Plow
23:33 Gold Mining
24:20 Stone Mining
27:17 Wheelbarrow
32:17 Imperial Age
30:04 Hand Cart
30:21 Forging
30:16 Scale Barding Armor
29:42 Pikeman
30:26 Scale Mail Armor
30:30 Squires
30:15 Arson
31:50 Iron Casting
32:04 Bloodlines
33:49 Chain Mail Armor
32:56 Halberdier
35:26 Chain Barding Armor
35:42 Tower Shields
35:21 Cavalier
35:29 Elite Leitis
36:47 Conscription
36:33 Husbandry
37:28 Plate Barding Armor
37:11 Light Cavalry
47:31 Two-Man Saw
47:07 Crop Rotation
57:05 Chemistry
56:26 Ballistics
55:58 Fletching
55:54 Winged Hussar
59:38 Caravan
Morfeo
10:45 Feudal Age
10:39 Loom
15:04 Castle Age
13:13 Double-Bit Axe
13:49 Fletching
15:52 Bodkin Arrow
23:45 Horse Collar
27:26 Stone Mining
29:45 Wheelbarrow
29:40 Town Watch
31:18 Bow Saw
31:13 Heavy Plow
35:28 Imperial Age
33:28 Hand Cart
33:44 Ballistics
33:32 Padded Archer Armor
34:27 Yeomen
34:53 Masonry
36:03 Leather Archer Armor
37:21 Chemistry
36:45 Elite Longbowman
38:01 Conscription
38:25 Murder Holes
38:34 Bracer
38:34 Pikeman
39:43 Warwolf
41:45 Scale Mail Armor
41:57 Forging
42:44 Chain Mail Armor
43:29 Squires
45:21 Gambesons
46:10 Plate Mail Armor
46:16 Iron Casting
48:58 Hoardings
50:17 Halberdier
51:46 Ring Archer Armor
58:45 Blast Furnace
63:57 Caravan
jpipo29
3:50 Loom
4:31 Loom
11:24 Feudal Age
15:20 Castle Age
14:43 Double-Bit Axe
14:39 Horse Collar
17:13 Bow Saw
22:41 Gold Mining
23:48 Wheelbarrow
23:53 Stone Mining
24:58 Loom
25:32 Hand Cart
29:30 Imperial Age
26:52 Fletching
27:10 Heavy Plow
28:46 Gold Shaft Mining
28:46 Thumb Ring
28:44 Town Watch
29:08 Padded Archer Armor
30:02 Stone Shaft Mining
29:54 Ballistics
29:36 Bodkin Arrow
30:39 Conscription
31:12 Bracer
31:51 Leather Archer Armor
32:51 Chemistry
32:01 Kasbah
32:22 Husbandry
32:32 Elite Camel Archer
33:47 Coinage
34:12 Guilds
34:34 Maghrebi Camels
35:52 Banking
36:07 Masonry
36:04 Siege Engineers
38:44 Hoardings
39:46 Bloodlines
40:00 Murder Holes
39:35 Light Cavalry
44:06 Scale Barding Armor
44:11 Forging
45:06 Capped Ram
49:46 Chain Barding Armor
50:01 Iron Casting
51:59 Hussar
54:57 Plate Barding Armor
54:57 Iron Casting
54:27 Caravan
63:03 Elite Genitour
67:19 Ring Archer Armor
69:50 Blast Furnace
Schvank
10:06 Feudal Age
13:50 Castle Age
12:53 Double-Bit Axe
14:48 Bow Saw
15:35 Loom
23:44 Fletching
31:46 Wheelbarrow
30:53 Pikeman
31:34 Scale Mail Armor
34:25 Hand Cart
34:23 Bodkin Arrow
38:44 Imperial Age
36:23 Padded Archer Armor
36:19 Horse Collar
37:12 Chain Mail Armor
37:08 Forging
38:08 Ballistics
37:58 Squires
40:44 Heavy Scorpion
43:33 Plate Mail Armor
43:23 Arson
44:40 Iron Casting
45:46 Gold Mining
48:45 Blast Furnace
48:00 Masonry
47:56 Siege Engineers
51:18 Chemistry
51:19 Drill
51:19 Conscription
52:56 Gold Shaft Mining
51:46 Elite Skirmisher
52:31 Thumb Ring
57:08 Capped Ram
59:43 Siege Ram
66:41 Bracer
66:47 Scale Barding Armor
Xanny
2:20 Loom
10:18 Feudal Age
14:41 Castle Age
12:26 Horse Collar
12:37 Double-Bit Axe
19:23 Fervor
20:46 Bow Saw
21:45 Heavy Plow
23:16 Wheelbarrow
24:23 Hand Cart
26:21 Loom
29:07 Imperial Age
26:18 Light Cavalry
27:08 Bloodlines
27:48 Gold Mining
27:42 Treadmill Crane
28:31 Scale Barding Armor
28:36 Forging
29:13 Gold Shaft Mining
30:17 Chain Barding Armor
30:02 Husbandry
30:21 Stone Mining
30:48 Hussar
31:01 Elite Mameluke
32:02 Conscription
32:46 Plate Barding Armor
32:46 Iron Casting
33:47 Two-Man Saw
33:49 Ballistics
33:35 Siege Engineers
35:50 Onager
38:24 Chemistry
37:35 Masonry
39:35 Blast Furnace
38:26 Fletching
45:49 Murder Holes
45:53 Bodkin Arrow
45:58 Padded Archer Armor
45:55 Elite Skirmisher
47:10 Bracer
48:52 Leather Archer Armor
50:37 Ring Archer Armor
50:56 Caravan
51:39 Thumb Ring
55:09 Town Watch
riZen
8:39 Loom
10:45 Feudal Age
15:30 Castle Age
13:36 Horse Collar
14:13 Double-Bit Axe
15:50 Bloodlines
20:53 Wheelbarrow
21:08 Town Watch
21:56 Bow Saw
22:30 Heavy Plow
24:06 Stone Mining
24:20 Gold Mining
25:32 Hand Cart
26:13 Sanctity
25:53 Herbal Medicine
27:30 Caravan
31:25 Imperial Age
29:26 Padded Archer Armor
29:33 Scale Barding Armor
30:39 Stone Shaft Mining
30:23 Scale Mail Armor
30:46 Masonry
31:14 Fortified Wall
31:46 Forging
32:27 Conscription
32:09 Grand Trunk Road
31:43 Heavy Camel Rider
32:58 Chain Barding Armor
33:48 Chemistry
33:10 Ballistics
34:19 Two-Man Saw
33:37 Husbandry
34:33 Plate Barding Armor
34:26 Shatagni
35:13 Gold Shaft Mining
35:03 Imperial Camel Rider
36:40 Iron Casting
37:35 Leather Archer Armor
37:02 Light Cavalry
39:21 Ring Archer Armor
38:42 Fletching
39:02 Siege Engineers
39:49 Hussar
43:13 Elite Skirmisher
45:34 Blast Furnace
44:29 Bodkin Arrow
46:51 Bracer
51:16 Thumb Ring
57:29 Chain Mail Armor
57:02 Pikeman
57:42 Squires
CSA_HW_Mercer
6:29 Loom
9:27 Feudal Age
13:29 Fletching
22:04 Castle Age
20:12 Stone Mining
21:05 Double-Bit Axe
21:26 Horse Collar
21:55 Gold Mining
24:06 Wheelbarrow
24:00 Bow Saw
27:20 Padded Archer Armor
30:14 Town Watch
32:09 Leather Archer Armor
34:58 Imperial Age
33:18 Hand Cart
33:01 Bodkin Arrow
33:44 Bloodlines
34:37 Elite Skirmisher
36:01 Bracer
38:27 Ring Archer Armor
38:19 Siphons
39:09 Ballistics
39:49 Chemistry
39:24 Conscription
40:20 Two-Man Saw
42:49 Elite Conquistador
44:12 Scale Barding Armor
46:42 Bombard Tower
47:47 Masonry
48:42 Thumb Ring
52:53 Architecture
58:07 Heavy Plow
Connection lost

Rejoining the realm…

Still unreachable

The connection could not be restored.

Session expired

The server has moved on; the page needs a fresh start.